ORI
UNIVERSITY OF CONNETICUT HUSKIES @ MISSISSIPPI STATE UNIVERSITY BULLDOGS
11/20/2049
 
TOP OF THE 1ST
Louisiana State University Tigers batting - Pitching for University of Alabama Crimson Tide : RHP Mike Sisson
Pitching: RHP Mike Sisson
Batting: RHB Leo Roldan 0-0: Ball
1-0: Ground out 5-3 (Groundball, 56S, EV 65.0 MPH)
Batting: RHB Winston Vasquez 0-0: Ball
1-0: Ball
2-0: Ground out 5-3 (Groundball, 56S, EV 90.6 MPH)
Batting: LHB Matt Ellington 0-0: Ball
1-0: Ball
2-0: Swinging Strike
2-1: Ball
3-1: Called Strike
3-2: Strikes out swinging, 2-3 out at first.
Top of the 1st over - 0 runs, 0 hits, 0 errors, 0 left on base; Louisiana State University 0 - University of Alabama 0
BOTTOM OF THE 1ST
University of Alabama Crimson Tide batting - Pitching for Louisiana State University Tigers : RHP Brian Hilbert
Pitching: RHP Brian Hilbert
Batting: LHB Joe Blackwood 0-0: Ball
1-0: Called Strike
1-1: Fly out, F6 (Popup, 6S, EV 79.4 MPH)
Batting: LHB Robby Ramires 0-0: Ball
1-0: Called Strike
1-1: Ball
2-1: Called Strike
2-2: Foul Ball, location: 2F
2-2: Ball
3-2: Fly out, F7 (Flyball, 7D, EV 83.1 MPH)
Batting: RHB Hughie Withers 0-0: Ball
1-0: Foul Ball, location: 2F
1-1: Called Strike
1-2: Ball
2-2: Ball
3-2: Base on Balls
Batting: RHB Gustavo Delgado 0-0: Ball
1-0: Ball
2-0: Ball
3-0: Called Strike
3-1: Base on Balls
Hughie Withers to second
Batting: LHB Matt Barkley 0-0: Called Strike
0-1: Ball
1-1: Ball
2-1: Foul Ball, location: 2F
2-2: Fly out, F8 (Line Drive, 8LM, EV 96.9 MPH)
Bottom of the 1st over - 0 runs, 0 hits, 0 errors, 2 left on base; Louisiana State University 0 - University of Alabama 0
TOP OF THE 2ND
Louisiana State University Tigers batting - Pitching for University of Alabama Crimson Tide : RHP Mike Sisson
Batting: LHB Manny Grado 0-0: Ball
1-0: Ball
2-0: Called Strike
2-1: Swinging Strike
2-2: Ball
3-2: Strikes out looking
Batting: SHB Brian Caruso 0-0: Ball
1-0: Swinging Strike
1-1: Called Strike
1-2: Strikes out looking
Batting: RHB Byung-hee Jee 0-0: Called Strike
0-1: Swinging Strike
0-2: Ball
1-2: Ball
2-2: Strikes out swinging
Top of the 2nd over - 0 runs, 0 hits, 0 errors, 0 left on base; Louisiana State University 0 - University of Alabama 0
BOTTOM OF THE 2ND
University of Alabama Crimson Tide batting - Pitching for Louisiana State University Tigers : RHP Brian Hilbert
Batting: LHB Platon Protopsaltis 0-0: Foul Ball, location: 2F
0-1: Swinging Strike
0-2: Strikes out swinging
Batting: RHB Fernando Reyes 0-0: Called Strike
0-1: Foul Ball, location: 2F
0-2: Ball
1-2: Foul Ball, location: 2F
1-2: Foul Ball, location: 2F
1-2: Foul Ball, location: 2F
1-2: SINGLE (Flyball, 3D, EV 86.9 MPH)
Batting: LHB Dallas Shaw 0-0: Called Strike
Fernando Reyes is caught stealing 2nd base 2-6
0-1: Ground out 4-3 (Groundball, 4, EV 103.1 MPH)
Bottom of the 2nd over - 0 runs, 1 hit, 0 errors, 0 left on base; Louisiana State University 0 - University of Alabama 0
TOP OF THE 3RD
Louisiana State University Tigers batting - Pitching for University of Alabama Crimson Tide : RHP Mike Sisson
Batting: RHB Stewart Walker 0-0: Ball
1-0: Fly out, F3 (Popup, 3, EV 65.0 MPH)
Batting: RHB Zachary Acker 0-0: Ball
1-0: Ball
2-0: Called Strike
2-1: Swinging Strike
2-2: Ball
3-2: Strikes out swinging
Batting: LHB John Carter 0-0: Called Strike
0-1: Ball
1-1: Ball
2-1: Ball
3-1: Ground out 4-3 (Groundball, 4, EV 102.5 MPH)
Top of the 3rd over - 0 runs, 0 hits, 0 errors, 0 left on base; Louisiana State University 0 - University of Alabama 0
BOTTOM OF THE 3RD
University of Alabama Crimson Tide batting - Pitching for Louisiana State University Tigers : RHP Brian Hilbert
Batting: RHB Larry Brown 0-0: Called Strike
0-1: Swinging Strike
0-2: Foul Ball, location: 2F
0-2: Strikes out swinging
Batting: LHB Joe Blackwood 0-0: Ground out 1-3 (Groundball, 13S, EV 65.0 MPH)
Batting: LHB Robby Ramires 0-0: Fly out, F8 (Line Drive, 78M, EV 105.6 MPH)
Bottom of the 3rd over - 0 runs, 0 hits, 0 errors, 0 left on base; Louisiana State University 0 - University of Alabama 0
TOP OF THE 4TH
Louisiana State University Tigers batting - Pitching for University of Alabama Crimson Tide : RHP Mike Sisson
Batting: RHB Leo Roldan 0-0: Fly out, F3 (Popup, 3SF, EV 85.6 MPH)
Batting: RHB Winston Vasquez 0-0: Ball
1-0: Called Strike
1-1: Foul Ball, location: 2F
1-2: Strikes out swinging
Batting: LHB Matt Ellington 0-0: Foul Ball, location: 2F
0-1: Foul Ball, location: 2F
0-2: Strikes out swinging
Top of the 4th over - 0 runs, 0 hits, 0 errors, 0 left on base; Louisiana State University 0 - University of Alabama 0
BOTTOM OF THE 4TH
University of Alabama Crimson Tide batting - Pitching for Louisiana State University Tigers : RHP Brian Hilbert
Batting: RHB Hughie Withers 0-0: Swinging Strike
0-1: Swinging Strike
0-2: Fly out, F5 (Popup, 5F, EV 59.4 MPH)
Batting: RHB Gustavo Delgado 0-0: Ground out 4-3 (Groundball, 4D, EV 86.9 MPH)
Batting: LHB Matt Barkley 0-0: Ball
1-0: Ball
2-0: Ball
3-0: Base on Balls
Batting: LHB Platon Protopsaltis 0-0: Called Strike
0-1: Called Strike
0-2: Ball
Matt Barkley steals 2nd, throwing error, E2
Matt Barkley to third
1-2: Strikes out looking
Bottom of the 4th over - 0 runs, 0 hits, 1 error, 1 left on base; Louisiana State University 0 - University of Alabama 0
TOP OF THE 5TH
Louisiana State University Tigers batting - Pitching for University of Alabama Crimson Tide : RHP Mike Sisson
Batting: LHB Manny Grado 0-0: Ball
1-0: Ball
2-0: Called Strike
2-1: Foul Ball, location: 2F
2-2: Foul Ball, location: 2F
2-2: Strikes out swinging
Batting: SHB Brian Caruso 0-0: Foul Ball, location: 2F
0-1: Swinging Strike
0-2: Strikes out looking
Batting: RHB Byung-hee Jee 0-0: Ball
1-0: Ball
2-0: Foul Ball, location: 2F
2-1: Ground out U3 (Groundball, 34S, EV 85.6 MPH)
Top of the 5th over - 0 runs, 0 hits, 0 errors, 0 left on base; Louisiana State University 0 - University of Alabama 0
BOTTOM OF THE 5TH
University of Alabama Crimson Tide batting - Pitching for Louisiana State University Tigers : RHP Brian Hilbert
Batting: RHB Fernando Reyes 0-0: Ball
1-0: Swinging Strike
1-1: Called Strike
1-2: Ball
2-2: Foul Ball, location: 2F
2-2: Fly out, F3 (Line Drive, 3L, EV 68.1 MPH)
Batting: LHB Dallas Shaw 0-0: Ground out 6-3 (Groundball, P, EV 90.0 MPH)
Batting: RHB Larry Brown 0-0: Ball
1-0: Foul Ball, location: 2F
1-1: Foul Ball, location: 2F
1-2: Ball
2-2: Ball
3-2: Foul Ball, location: 2F
3-2: Fly out, F8 (Flyball, 8RD, EV 98.1 MPH)
Bottom of the 5th over - 0 runs, 0 hits, 0 errors, 0 left on base; Louisiana State University 0 - University of Alabama 0
TOP OF THE 6TH
Louisiana State University Tigers batting - Pitching for University of Alabama Crimson Tide : RHP Mike Sisson
Batting: RHB Stewart Walker 0-0: Foul Ball, location: 2F
0-1: Foul Ball, location: 2F
0-2: Ball
1-2: Ball
2-2: Foul Ball, location: 2F
2-2: Ball
3-2: Foul Ball, location: 2F
3-2: SINGLE (Groundball, 34S, EV 76.2 MPH) (infield hit)
Batting: RHB Zachary Acker 0-0: Fielders Choice at 2nd, 6-4 (Groundball, 6, EV 111.2 MPH)
Batting: LHB John Carter 0-0: Ball
1-0: Foul Ball, location: 2F
1-1: Fly out, F8 (Flyball, 89M, EV 81.2 MPH)
Batting: RHB Leo Roldan 0-0: Called Strike
0-1: Fly out, F9 (Flyball, 9S, EV 90.6 MPH)
Top of the 6th over - 0 runs, 1 hit, 0 errors, 1 left on base; Louisiana State University 0 - University of Alabama 0
BOTTOM OF THE 6TH
University of Alabama Crimson Tide batting - Pitching for Louisiana State University Tigers : RHP Brian Hilbert
Batting: LHB Joe Blackwood 0-0: Called Strike
0-1: Ball
1-1: Swinging Strike
1-2: Strikes out swinging
Batting: LHB Robby Ramires 0-0: Ball
1-0: Ball
2-0: Called Strike
2-1: Ball
3-1: Foul Ball, location: 2F
3-2: SINGLE (Groundball, 56S, EV 60.6 MPH) (infield hit)
Pitching: RHP Luo-shan Xú
Batting: RHB Hughie Withers 0-0: Ball
1-0: Ball
2-0: Ball
3-0: Foul Ball, location: 2F
3-1: Foul Ball, location: 2F
3-2: Base on Balls
Robby Ramires to second
Pinch Hitting: RHB Onorato Zacagnini 0-0: Called Strike
0-1: Ball
1-1: Called Strike
1-2: Ball
2-2: Strikes out looking
Batting: LHB Matt Barkley 0-0: Called Strike
0-1: Ball
1-1: Foul Ball, location: 2F
1-2: Foul Ball, location: 2F
1-2: Foul Ball, location: 2F
1-2: Foul Ball, location: 2F
1-2: Ball
2-2: Foul Ball, location: 2F
2-2: Ball
3-2: Fly out, F8 (Flyball, 8LM, EV 92.5 MPH)
Bottom of the 6th over - 0 runs, 1 hit, 0 errors, 2 left on base; Louisiana State University 0 - University of Alabama 0
TOP OF THE 7TH
Louisiana State University Tigers batting - Pitching for University of Alabama Crimson Tide : RHP Mike Sisson
Now at 1B: Onorato Zacagnini
Batting: RHB Winston Vasquez 0-0: Ball
1-0: Called Strike
1-1: Ground out 6-3 (Groundball, 6, EV 75.6 MPH)
Pitching: RHP Justin Hillard
Batting: LHB Matt Ellington 0-0: Ball
1-0: Ball
2-0: Called Strike
2-1: Ball
3-1: Swinging Strike
3-2: Base on Balls
Batting: LHB Manny Grado 0-0: Called Strike
0-1: Foul Ball, location: 2F
0-2: Ball
Wild Pitch!
Matt Ellington to second
1-2: Ball
2-2: Foul Ball, location: 2F
2-2: Ball
3-2: Ground out 1-3 (Groundball, 13S, EV 63.1 MPH)
Matt Ellington to third
Batting: SHB Brian Caruso 0-0: Ball
1-0: Ball
2-0: Called Strike
2-1: Ball
3-1: Called Strike
3-2: Fly out, F8 (Flyball, 8LM, EV 93.8 MPH)
Top of the 7th over - 0 runs, 0 hits, 0 errors, 1 left on base; Louisiana State University 0 - University of Alabama 0
BOTTOM OF THE 7TH
University of Alabama Crimson Tide batting - Pitching for Louisiana State University Tigers : RHP Luo-shan Xú
Pitching: LHP Nathan Waters
Batting: LHB Platon Protopsaltis 0-0: Ball
1-0: Called Strike
1-1: Called Strike
1-2: Ball
2-2: Ball
3-2: Foul Ball, location: 2F
3-2: Ground out 6-3 (Groundball, 6S, EV 68.1 MPH)
Batting: RHB Fernando Reyes 0-0: Called Strike
0-1: Ball
1-1: Ball
2-1: Swinging Strike
2-2: Foul Ball, location: 2F
2-2: Ball
3-2: Strikes out swinging
Batting: LHB Dallas Shaw 0-0: Fly out, F8 (Flyball, 8LS, EV 89.4 MPH)
Bottom of the 7th over - 0 runs, 0 hits, 0 errors, 0 left on base; Louisiana State University 0 - University of Alabama 0
TOP OF THE 8TH
Louisiana State University Tigers batting - Pitching for University of Alabama Crimson Tide : RHP Justin Hillard
Batting: RHB Byung-hee Jee 0-0: Swinging Strike
0-1: Foul Ball, location: 2F
0-2: Foul Ball, location: 2F
0-2: Ball
1-2: Ball
2-2: Strikes out looking
Batting: RHB Stewart Walker 0-0: Ball
1-0: Called Strike
1-1: Ball
2-1: Called Strike
2-2: Strikes out looking
Batting: RHB Zachary Acker 0-0: Called Strike
0-1: Swinging Strike
0-2: Ball
1-2: Ball
2-2: Strikes out swinging
Top of the 8th over - 0 runs, 0 hits, 0 errors, 0 left on base; Louisiana State University 0 - University of Alabama 0
BOTTOM OF THE 8TH
University of Alabama Crimson Tide batting - Pitching for Louisiana State University Tigers : LHP Nathan Waters
Batting: RHB Larry Brown 0-0: Ball
1-0: Ball
2-0: Ball
3-0: Called Strike
3-1: Foul Ball, location: 2F
3-2: Strikes out swinging
Batting: LHB Joe Blackwood 0-0: Called Strike
0-1: Ball
1-1: Swinging Strike
1-2: Ball
2-2: Strikes out looking
Pinch Hitting: LHB Danny Schultz 0-0: Ball
1-0: Ball
2-0: Ball
3-0: Base on Balls
Batting: RHB Hughie Withers 0-0: Ball
Danny Schultz is caught stealing 2nd base 2-4
Bottom of the 8th over - 0 runs, 0 hits, 0 errors, 0 left on base; Louisiana State University 0 - University of Alabama 0
TOP OF THE 9TH
Louisiana State University Tigers batting - Pitching for University of Alabama Crimson Tide : RHP Justin Hillard
Pitching: RHP Dave Bellah
Now in RF: Danny Schultz
Batting: LHB John Carter 0-0: Ball
1-0: Swinging Strike
1-1: Called Strike
1-2: Ball
2-2: SINGLE (Groundball, 6S, EV 62.5 MPH) (infield hit)
Pinch Hitting: SHB Paul Blaylock 0-0: Called Strike
0-1: Ball
1-1: Called Strike
John Carter steals 2nd base
1-2: Ground out 6-3 (Groundball, 6, EV 103.1 MPH)
Batting: RHB Winston Vasquez 0-0: Intentional Walk
Pinch Hitting: LHB Jon Valdez 0-0: Called Strike
John Carter is caught stealing 3rd base 2-5
Winston Vasquez to second
0-1: Ball
1-1: Foul Ball, location: 2F
1-2: Ground out 4-3 (Groundball, 4, EV 84.4 MPH)
Top of the 9th over - 0 runs, 1 hit, 0 errors, 1 left on base; Louisiana State University 0 - University of Alabama 0
BOTTOM OF THE 9TH
University of Alabama Crimson Tide batting - Pitching for Louisiana State University Tigers : LHP Nathan Waters
Pitching: RHP Chris Douglas
Now at C: Paul Blaylock
Now at 3B: Keith Ashton
Batting: RHB Hughie Withers 0-0: Swinging Strike
0-1: Ground out 5-3 (Groundball, 56, EV 103.1 MPH)
Batting: RHB Onorato Zacagnini 0-0: Called Strike
0-1: Fly out, F8 (Flyball, 8RXD, EV 100.6 MPH)
Batting: LHB Matt Barkley 0-0: Swinging Strike
0-1: Foul Ball, location: 2F
0-2: Ball
1-2: Strikes out swinging
Bottom of the 9th over - 0 runs, 0 hits, 0 errors, 0 left on base; Louisiana State University 0 - University of Alabama 0
TOP OF THE 10TH
Louisiana State University Tigers batting - Pitching for University of Alabama Crimson Tide : RHP Dave Bellah
Batting: LHB Manny Grado 0-0: Foul Ball, location: 2F
0-1: Ball
1-1: Called Strike
1-2: Foul Ball, location: 2F
1-2: Foul Ball, location: 2F
1-2: Ball
2-2: Foul Ball, location: 2F
2-2: Ball
3-2: Fly out, F8 (Flyball, 8LM, EV 88.1 MPH)
Batting: SHB Brian Caruso 0-0: Ball
1-0: Ball
2-0: Called Strike
2-1: Foul Ball, location: 2F
2-2: Ball
3-2: Fly out, F7 (Flyball, 7, EV 90.6 MPH)
Batting: RHB Byung-hee Jee 0-0: Foul Ball, location: 2F
0-1: Foul Ball, location: 5F, Error on foul ball, E5
0-2: SINGLE (Groundball, 4MS, EV 98.1 MPH)
Batting: RHB Stewart Walker 0-0: Called Strike
0-1: Called Strike
0-2: Strikes out looking
Top of the 10th over - 0 runs, 1 hit, 1 error, 1 left on base; Louisiana State University 0 - University of Alabama 0
BOTTOM OF THE 10TH
University of Alabama Crimson Tide batting - Pitching for Louisiana State University Tigers : RHP Chris Douglas
Pitching: RHP Jeremy Kolb
Batting: LHB Platon Protopsaltis 0-0: Reached via error on a dropped throw from P, E3 (Groundball, P, EV 76.2 MPH)
Batting: RHB Fernando Reyes 0-0: Ball
Platon Protopsaltis steals 2nd base
1-0: Ball
2-0: SINGLE (Line Drive, 8RS, EV 100.6 MPH)
Platon Protopsaltis to third
Batting: LHB Dallas Shaw 0-0: Ball
1-0: Foul Ball, location: 2F
1-1: Ball
2-1: Called Strike
2-2: Strikes out looking
Batting: RHB Larry Brown 0-0: Swinging Strike
0-1: Ball
1-1: Called Strike
1-2: SINGLE (Groundball, 4MD, EV 98.1 MPH)
Platon Protopsaltis scores
Bottom of the 10th over - 1 run, 2 hits, 1 error, 1 left on base; Louisiana State University 0 - University of Alabama 1
Sunday, July 16th , 2023 - OOTP Baseball 24.6 Build 69